 Dungeon Crawl Stone Soup version 0.31-a0-167-g1c394c0614 (webtiles) character file.

Game seed: 5585613730680844091

1558 Shayle the Sneak (level 8, -2/51 HPs)
             Began as a Tengu Brigand on June 14, 2023.
             Was an Initiate of Ashenzari.
             Killed from afar by Erica (13 damage)
             ... with a lance of force
             ... on level 8 of the Dungeon.
             The game lasted 00:16:23 (4652 turns).

Shayle the Sneak (Tengu Brigand)                    Turns: 4652, Time: 00:16:23

Health: -2/51      AC: 20    Str: 12    XL:     8   Next: 88%
Magic:  9/9        EV: 17    Int: 12    God:    Ashenzari [......]
Gold:   308        SH:  0    Dex: 17    Spells: 7/7 levels left

rFire   . . .        w - +7 staff of the Meek {protect, meekguard}
rCold   . . .        (shield currently unavailable)
rNeg    + . .        s - +0 troll leather armour {Pargi}
rPois   .            (helmet restricted)
rElec   .            t - +1 cloak
rCorr   .            (no gloves)
SInv    .            (boots unavailable)
Will    .....        (no amulet)
Stlth   +++          o - ring of positive energy
HPRegen 1.08/turn    (no ring)
MPRegen 0.11/turn

%: no passive effects
@: under a protective aura, flying quickly and evasively, slowed, very slow
A: beak, talons 3, nimble flight
a: Renounce Religion, Curse Item


You were on level 8 of the Dungeon.
You worshipped Ashenzari.
Ashenzari was noncommittal.
You visited 2 branches of the dungeon, and saw 9 of its levels.
You also visited: Sewer.

You collected 308 gold pieces.

Inventory:

Hand Weapons
 a - a +2 dagger
 c - a +0 rapier of draining
 w - the +7 staff of the Meek (weapon) {protect, meekguard}
   (You found it on level 4 of the Dungeon)
 x - a +2 antimagic trident
Missiles
 d - 9 poisoned darts
 e - a curare-tipped dart (quivered)
 u - 6 atropa-tipped darts
Armour
 s - a +0 troll leather armour (worn) {Pargi}
 t - a +1 cloak (worn)
Jewellery
 o - a ring of positive energy (left hand)
 D - a ring of fire
 F - an amulet of magic regeneration
Wands
 H - a wand of iceblast (8)
Scrolls
 b - a scroll of brand weapon
 f - 2 scrolls of revelation
 g - 2 scrolls of amnesia
 i - 2 scrolls of acquirement {unknown}
 j - a scroll of enchant armour {unknown}
 k - a scroll of teleportation
 v - a scroll of silence {unknown}
 y - a scroll of fog {unknown}
 A - a scroll of summoning {unknown}
 E - a scroll of poison
 G - a scroll of vulnerability {unknown}
Potions
 h - 11 potions of curing
 l - 5 potions of haste {unknown}
 m - 3 potions of lignification {unknown}
 n - 5 potions of mutation
 p - a potion of invisibility {unknown}
 q - 2 potions of magic {unknown}
 r - 2 potions of heal wounds
 z - a potion of cancellation {unknown}
 B - 4 potions of enlightenment {unknown}
 C - a potion of ambrosia {unknown}


   Skills:
 + Level 5.7 Fighting
 + Level 6.2 Short Blades
 - Level 2.0 Throwing
 + Level 5.9 Dodging
 + Level 7.2 Stealth


You had 7 spell levels left.
You didn't know any spells.
Your spell library contained the following spells:

 Spells                   Type           Power      Damage    Failure   Level
 Static Discharge         Conj/Air       0%         2-2/arc   54%         2
 Frozen Ramparts          Ice            0%         1d1       77%         3
 Airstrike                Air            0%         2d(0-16)  99%         4
 Ice Form                 Ice/Tmut       0%         N/A       99%         4
 Summon Ice Beast         Ice/Summ       0%         N/A       99%         4
 Summon Lightning Spire   Summ/Air       0%         N/A       99%         4


Dungeon Overview and Level Annotations

Branches:
Dungeon (8/15)             Temple (1/1) D:5           Sewer (visited)
   Lair: D:8-11

Altars:
Ashenzari
Cheibriados
Elyvilon
Fedhas
Kikubaaqudgha
Makhleb
Nemelex Xobeh
Qazlal
Ru
Sif Muna
Uskayaw
Vehumet
Wu Jian
Xom
Zin

Annotations:
D:3 2 transporters, Robin; Serulin's ghost, weakling GrDe
D:8 Erica


Innate Abilities, Weirdness & Mutations

You have a beak for a mouth.
You have claws for feet.
Your magical nature lets you fly swiftly and evasively.


Message History

Something hits you. Something burns you. Something hits you but does no damage.
You closely miss something. You claw something. Something hits you!
Something burns you.
You sock something!
Your weapon exudes an aura of protection.
Something hits you but does no damage. Something hits you. Something burns you.
You feel much better. Something hits you but does no damage.
You closely miss something. Your peck misses something.
You hear some strange, mumbled words.
You feel yourself slow down.
You barely miss something. Your kick misses something.
Your peck misses something.
You hear some strange, mumbled words.
A lance of force appears from out of thin air!
The lance of force hits you!!
Ouch! That really hurt!
You are knocked back by the lance of force.
You slam into the rock wall!
* * * LOW HITPOINT WARNING * * *
You feel much better. Something hits you! Something burns you.
You sock something!
Your weapon exudes an aura of protection.
Your kick misses something.
You hear some strange, mumbled words.
A lance of force appears from out of thin air!
The lance of force hits you but does no damage.
You hear some strange, mumbled words.
A bolt of poison appears from out of thin air!
The bolt of poison misses you.
You sock something!
You hear some strange, mumbled words.
A lance of force appears from out of thin air!
The lance of force hits you!
You are knocked back by the lance of force.
You slam into the rock wall!
* * * LOW HITPOINT WARNING * * *
You hear some strange, mumbled words.
A lance of force appears from out of thin air!
The lance of force hits you!
You die...

#######.####......<..#
#.# #.........# #.#
##.#######... #.# #.#
.### #.# #.# #.# #.#
#.# #.# #########.#
........{@#
.........## .........#
###########


There were no monsters in sight!

Vanquished Creatures
  Sigmund (D:3)
  A steam dragon (D:7)
  Pargi (Sewer)
  An orc warrior (D:4)
  2 sky beasts
  A phantom (D:5)
  3 scorpions
  3 howler monkeys
  An orc priest (D:4)
  A hound (D:4)
  2 jellies
  Crazy Yiuf (D:5)
  3 iguanas
  2 orc wizards (D:4)
  4 sleepcaps
  6 adders
  2 white imps
  3 worms
  A dart slug (D:4)
  17 orcs
  4 ball pythons
  7 endoplasms
  3 giant cockroaches
  8 goblins
  6 hobgoblins
  5 jackals
  2 quokkas
  8 bats
  A frilled lizard (D:1)
  4 kobolds
  A rat (D:2)
105 creatures vanquished.

Notes
Turn   | Place    | Note
-------+----------+-------------------------------------------
     0 | D:1      | Shayle the Tengu Brigand began the quest for the Orb.
     0 | D:1      | Reached XP level 1. HP: 12/12 MP: 2/2
   189 | D:1      | Found a faded altar of an unknown god.
   455 | D:1      | Reached XP level 2. HP: 14/17 MP: 3/3
  1021 | D:2      | Reached XP level 3. HP: 22/22 MP: 4/4
  1756 | D:3      | Found a transporter.
  1756 | D:3      | Noticed Serulin's ghost (weakling GrDe)
  1760 | D:3      | Noticed an ogre
  1772 | D:3      | Found a transporter.
  1815 | D:3      | Noticed Sigmund
  1820 | D:3      | Killed Sigmund
  1821 | D:3      | Reached skill level 5 in Stealth
  1821 | D:3      | Reached XP level 4. HP: 28/28 MP: 5/5
  1821 | D:3      | Gained mutation: Your magical nature lets you fly swiftly
                  | and evasively. [Tengu growth]
  1821 | D:3      | Reached XP level 5. HP: 32/32 MP: 6/6
  1828 | D:3      | Found a glowing drain.
  1835 | Sewer    | Entered a sewer
  1918 | Sewer    | Reached XP level 6. HP: 33/37 MP: 7/7
  1990 | Sewer    | Noticed Pargi
  2006 | Sewer    | Killed Pargi
  2205 | D:3      | Noticed Robin
  2748 | D:4      | Reached XP level 7. HP: 43/43 MP: 8/8
  2907 | D:4      | Found the +7 staff of the Meek {protect, meekguard}
  2985 | D:4      | Reached skill level 6 in Stealth
  3206 | D:5      | Entered Level 5 of the Dungeon
  3247 | D:5      | Found a staircase to the Ecumenical Temple.
  3252 | Temple   | Entered the Ecumenical Temple
  3511 | D:5      | Reached skill level 5 in Short Blades
  3552 | D:5      | Found a radiant altar of Vehumet.
  3660 | D:5      | Found a runed translucent door.
  3661 | D:5      | Noticed Crazy Yiuf
  3668 | D:5      | Killed Crazy Yiuf
  3792 | D:5      | Reached XP level 8. HP: 48/48 MP: 9/9
  4024 | D:5      | Found a broken altar of Ashenzari.
  4038 | D:5      | Became a worshipper of Ashenzari the Shackled
  4174 | D:6      | Reached skill level 5 in Dodging
  4186 | D:6      | Found a burning altar of Makhleb.
  4202 | D:6      | Reached skill level 5 in Fighting
  4492 | D:7      | Reached skill level 7 in Stealth
  4611 | D:8      | Noticed Erica
  4652 | D:8      | Killed from afar by Erica

Illustrated notes

Levels and vault maps discovered:
D:1:      minmay_arrival_shoal_huts, layout_loops_ring,
          nicolae_ecumenical_lake_church
D:2:      layout_loops_cross, serial_park_tiny_2, minmay_misc_feat_plants,
          kennysheep_minor_cross, minmay_small_reverse_x
D:3:      layout_basic, gammafunk_ghost_arena, cheibrodos_sewer_entry_bend,
          uniq_robin, uniq_sigmund
D:4:      layout_loops_ring, guppyfry_early_orc_mine
D:5:      layout_loops_ring, mainiacjoe_overflow_alcove_1,
          mainiacjoe_overflow_boulevard, temple_doors_cd, amethyst_killhole,
          uniq_crazy_yiuf_cottage
D:6:      layout_rooms, mainiacjoe_overflow_tiny_flanked
D:7:      layout_cave_pools, chequers_temple_overflow_minitemple,
          nicolae_gozag_cash_rules_everything_around_me, minmay_crystal_water,
          serial_bayou_pond_a, dilly_guarded_unrand_morg, uniq_menkaure
D:8:      layout_rooms, grunt_temple_overflow_holy_war, minmay_lair_entry_lava,
          serial_co_window_serial, co_window_paths_a, co_window_paths_a,
          co_window_of_opportunity_a, co_window_corner_a, co_window_paths_a,
          co_window_broadway_c, co_window_corner_b, co_window_of_opportunity_b,
          co_window_unsneaky_path_c, co_window_4corner_b, co_window_paths_e,
          glass_columns_b, uniq_erica
Temple:   nicolae_temple_x_marks_the_god

Skill      XL: |  1  2  3  4  5  6  7  8 |
---------------+-------------------------+-----
Dodging        | 3 4 5 |  5.9
Fighting       | 3 4 5 |  5.7
Short Blades   | 3 4 5 6 |  6.2
Stealth        | 5 6 7 |  7.2
Throwing       | |  2.0

Action                     |  1- 3 |  4- 6 |  7- 9 || total
---------------------------+-------+-------+-------++-------
  Melee: Dagger            |    73 |    48 |    25 ||   146
         Kick              |    11 |    17 |    43 ||    71
         Peck              |     7 |     7 |    27 ||    41
         Punch             |       |     1 |     2 ||     3
         Quarterstaff      |       |       |   135 ||   135
  Throw: Dart              |       |     5 |     2 ||     7
    Use: Scroll            |       |       |     8 ||     8
         Potion            |       |       |     3 ||     3
   Stab: Sleeping          |    13 |     1 |     5 ||    19
         Distracted        |       |     2 |       ||     2
 Armour: Robe              |     9 |     3 |       ||    12
         Troll leather arm |       |     5 |    45 ||    50
  Dodge: Dodged            |    29 |    42 |    96 ||   167

Table legend: (Time is in decaauts)
 A = Elapsed time spent in this place.
 B = Non-inter-level travel time spent in this place.
 C = Inter-level travel time spent in this place.
 D = Time resting spent in this place.
 E = Time spent auto-exploring this place.
 F = Levels seen in this place.
 G = Mean time per level.
                   A        B        C        D        E       F      G
               +--------+--------+--------+--------+--------+-----+--------+
         Total |   4462 |   4316 |    146 |    408 |   2296 |  10 |  446.2 |
       Dungeon |   4202 |   4064 |    138 |    347 |   2254 |   8 |  525.2 |
        Temple |     53 |     46 |      7 |      0 |     41 |   1 |   53.0 |
         Sewer |    206 |    206 |      0 |     61 |      0 |   1 |  206.0 |
               +--------+--------+--------+--------+--------+-----+--------+

Top non-repeatable levels by time:
     D:1: 874 daAuts
     D:4: 832 daAuts
     D:5: 790 daAuts
     D:3: 644 daAuts
     D:2: 544 daAuts
     D:6: 331 daAuts
   Sewer: 206 daAuts
     D:7: 111 daAuts
     D:8: 74 daAuts
  Temple: 53 daAuts
